 Dungeon Crawl Stone Soup version 0.26-a0-466-g989023bd0d (webtiles) character file.

Game seed: 6888869587576618679

5 Mesmaeker13 the Caller (level 1, -2/11 HPs)
             Began as a Halfling Summoner on Aug 10, 2020.
             Slain by a leopard gecko (5 damage)
             ... on level 1 of the Dungeon.
             The game lasted 00:00:47 (760 turns).

Mesmaeker13 the Caller (Halfling Summoner)           Turns: 760, Time: 00:00:48

Health: -2/11      AC:  2    Str:  9    XL:     1   Next: 88%
Magic:  2/3        EV: 15    Int: 13    God:
Gold:   37         SH:  0    Dex: 14    Spells: 2/3 levels left

rFire    . . .     SeeInvis .   b - +0 dagger
rCold    . . .     Faith    .   (shield restricted)
rNeg     . . .     Spirit   .   a - +0 robe
rPois    .         Reflect  .   (no helmet)
rElec    .         Harm     .   (no cloak)
rCorr    .                      (no gloves)
MR       .....                  (no boots)
Stlth    ++........             (no amulet)
HPRegen  0.03/turn              (no ring)
MPRegen  0.08/turn              (no ring)

@: no status effects
A: small, mutation resistance 1
a: no special abilities


You were on level 1 of the Dungeon.
You visited 1 branch of the dungeon, and saw 1 of its levels.

You collected 37 gold pieces.

Inventory:

Hand Weapons
 b - a +0 dagger (weapon)
Missiles
 f - 15 poisoned darts (quivered)
Armour
 a - a +0 robe (worn)
Scrolls
 c - a scroll of magic mapping {unknown}
 d - a scroll of remove curse {unknown}
 e - a scroll of amnesia {unknown}
 g - a scroll of teleportation {unknown}
 h - a scroll of identify {unknown}


   Skills:
 + Level 2.4 Dodging
 - Level 2.1 Stealth
 + Level 1.7 Spellcasting
 + Level 3.3 Summonings


You had 2 spell levels left.
You knew the following spells:

 Your Spells              Type           Power        Failure   Level
a - Summon Small Mammal   Summ           #...         7%          1

Your spell library contained the following spells:

 Spells                   Type           Power        Failure   Level
 Call Imp                 Summ           #.......     10%         2
 Call Canine Familiar     Summ           #.......     21%         3
 Summon Guardian Golem    Hex/Summ       #.......     36%         3
 Summon Ice Beast         Ice/Summ       #.......     78%         4
 Summon Lightning Spire   Summ/Air       #.......     78%         4


Dungeon Overview and Level Annotations

Branches:
Dungeon (1/15)

Altars:


Innate Abilities, Weirdness & Mutations

You are small and have problems with some larger weapons.
You are somewhat resistant to further mutation.


Message History

You hit the leopard gecko.
The leopard gecko is almost dead.
The leopard gecko bites you.
You hit the leopard gecko but do no damage.
The leopard gecko is almost dead.
The leopard gecko bites you but does no damage.
You hit the leopard gecko but do no damage.
The leopard gecko is almost dead.
The leopard gecko bites you.
* * * LOW HITPOINT WARNING * * *
You barely miss the leopard gecko.
The leopard gecko is almost dead.
The leopard gecko misses you.
You barely miss the leopard gecko.
The leopard gecko is almost dead.
The leopard gecko misses you. The leopard gecko closely misses you.
Casting: Summon Small Mammal (safe; 7% risk of failure)
Confirm with . or Enter, or press ? or * to list all spells.
The leopard gecko bites you.
You die...

#. #.#
#.##..#####.## #.#
#........### #.#
#..#.......# #.#
#..#.......# #.#
#..#.......# #.#
#...###..### #l#
#.#.###..#
#@###.#..##..# #
#r...........#####
#####.##.##.###.'.
#.#.........##
#.#..........#
#.#..##)######
#.#......(....
#.###.#.######
#........>....


You could see a leopard gecko and a friendly rat (summoned).

Vanquished Creatures
  A bat (D:1)
  A ball python (D:1)
  A rat (D:1)
3 creatures vanquished.

Vanquished Creatures (collateral kills)
  2 hobgoblins (D:1)
  A kobold (D:1)
3 creatures vanquished.

Grand Total: 6 creatures vanquished

Notes
Turn   | Place    | Note
-------+----------+-------------------------------------------
     0 | D:1      | Mesmaeker13 the Halfling Summoner began the quest for the
                  | Orb.
     0 | D:1      | Reached XP level 1. HP: 11/11 MP: 3/3
   760 | D:1      | Slain by a leopard gecko

Illustrated notes

Levels and vault maps discovered:
D:1:      evilmike_arrival_plus, layout_basic, minivault_23

Action                   || total
-------------------------++-------
Melee: Dagger            ||    27
       Unarmed           ||     7
 Cast: Summon Small Mamm ||     7
 Stab: Sleeping          ||     1
Armor: Robe              ||     5
Dodge: Dodged            ||    32

Table legend: (Time is in decaauts)
 A = Elapsed time spent in this place.
 B = Non-inter-level travel time spent in this place.
 C = Inter-level travel time spent in this place.
 D = Time resting spent in this place.
 E = Time spent auto-exploring this place.
 F = Levels seen in this place.
 G = Mean time per level.
                   A        B        C        D        E       F      G
               +--------+--------+--------+--------+--------+-----+--------+
         Total |    759 |    759 |      0 |    337 |    334 |   1 |  759.0 |
       Dungeon |    759 |    759 |      0 |    337 |    334 |   1 |  759.0 |
               +--------+--------+--------+--------+--------+-----+--------+

Top non-repeatable levels by time:
     D:1: 759 daAuts
